[Event "Mistrzostwa Polski Juniorek Młodszych "]
[Site "Suwałki, Poland"]
[Date "????.??.??"]
[Round "1.6"]
[White "Janaszak, Amelia"]
[Black "Lajdamik, Kinga"]
[Result "0-1"]
[WhiteElo "1556"]
[BlackElo "1900"]
[PlyCount "110"]
[TimeControl "90/40+15:0"]
[WhiteClock "0:06:13"]
[BlackClock "0:04:35"]

1. e4 e5 2. Nf3 Nc6 3. d4 exd4 4. Nxd4 Nf6 5. Nxc6 bxc6 6.
Bd3 Be7 7. O-O O-O 8. Nc3 d5 9. exd5 cxd5 10. h3 c6 11. Bf4 Be6 12. Ne2 c5 13. c3 Qb6 14. b3 Nd7 15. Rc1 Bf6 16. Qc2 g6 17. c4 d4 18.
Rfe1 Bg7 19. Ng3 f5 20. Be2 Rae8 21. Bf3 Bf7 22. Qd2 Ne5 23. Bxe5 Bxe5 24. Ne2 Qc7 25. g3 Kg7 26. Rcd1 Bf6 27. h4 Re7 28. Nf4 Rfe8 29. Rxe7 Qxe7 30. Bd5 Be5 31. Bxf7 Qxf7 32. Nd5 Bd6 33. f4 Re4 34. Kf2 Qe6 35. Kf3 h6 36. Kf2 Be7 37. Re1 Bd8 38.
a3 Qa6 39. Qc1 Ba5 40. b4 Bb6 41. g4 Bd8 42. g5 cxb4 43. Nxb4 Qe6 44. Nd5 Ba5 45. Nb4 Qe7 46. Qd2 Qc5 47. Rc1 d3+ 48. Kf1 Qd4 49. Qxd3 Rxf4+ 50. Ke2 Qf2+ 51. Kd1 Rd4 52. Qxd4+ Qxd4+ 53. Ke2 Bb6 54. Rd1 Qe3+ 55. Kf1 Qf2# 0-1